 Dungeon Crawl Stone Soup version 0.20-a0-927-g1ae2c61 (webtiles) character file.

1556 Ijustatesigmund the Fighter (level 8, -2/68 HPs)
             Began as a Barachi Fighter on Mar 29, 2017.
             Was a Follower of Cheibriados.
             Slain by an orc warrior
             ... wielding a +0 flail
              (15 damage)
             ... on level 6 of the Dungeon.
             The game lasted 00:15:01 (6919 turns).

Ijustatesigmund the Fighter (Barachi Fighter)       Turns: 6919, Time: 00:15:02

Health: -2/68      AC:  9    Str: 21    XL:     8   Next: 88%
Magic:  8/8        EV:  9    Int: 18    God:    Cheibriados [*.....]
Gold:   340        SH: 14    Dex: 15    Spells: 7/7 levels left

rFire    . . .     SeeInvis .   a - +1 long sword
rCold    + . .     Gourm    .   c - +1 shield
rNeg     . . .     Faith    .   d - +1 ring mail {rC+}
rPois    .         Spirit   .   (no helmet)
rElec    .         Reflect  +   m - +1 cloak
rCorr    .         Harm     .   (no gloves)
MR       .....                  (no boots)
Stlth    +.........             u - +3 amulet of reflection
Regen    0.3/turn               g - +3 ring of intelligence
MPRegen  0.2/turn               (no ring)

@: brilliant, can't hop, very slow
A: +LOS, swims, slowness 1, strong legs 1
a: Hop, Bend Time, Renounce Religion


You were on level 6 of the Dungeon.
You worshipped Cheibriados.
Cheibriados was aware of your devotion.
You were not hungry.

You visited 2 branches of the dungeon, and saw 7 of its levels.

You collected 340 gold pieces.

Inventory:

Hand Weapons
 a - a +1 long sword (weapon)
Missiles
 x - 3 javelins (quivered)
Armour
 c - a +1 shield (worn)
 d - a +1 ring mail of cold resistance (worn)
 m - a +1 cloak (worn)
Jewellery
 g - a +3 ring of intelligence (left hand)
 r - an uncursed amulet of magic regeneration
 u - a +3 amulet of reflection (around neck)
Wands
 p - a wand of lightning (12/15)
Scrolls
 b - a scroll of amnesia
 i - 3 scrolls of teleportation
 k - a scroll of enchant armour
 o - 2 scrolls of remove curse
 v - a scroll of immolation
Potions
 e - a potion of agility
 n - a potion of flight
 s - 2 potions of resistance
Books
 t - a book of Frost

   Spells                             Type                      Level
   a - Freeze                         Ice                          1
   b - Throw Frost                    Conjuration/Ice              2
   c - Ozocubu's Armour               Charms/Ice                   3
   d - Throw Icicle                   Conjuration/Ice              4
   e - Summon Ice Beast               Ice/Summoning                4
Comestibles
 f - 9 bread rations
 h - 4 royal jellies
 j - 5 fruits
 q - a meat ration


   Skills:
 + Level 8.1 Fighting
 + Level 7.9 Long Blades
 - Level 6.0 Armour
 - Level 1.5 Dodging
 + Level 5.9 Shields


You had 7 spell levels left.
You didn't know any spells.

Dungeon Overview and Level Annotations

Branches:
Dungeon (6/15)             Temple (1/1) D:5

Altars:
Cheibriados
Dithmenos
Elyvilon
Fedhas
Gozag
Hepliaklqana
Kikubaaqudgha
Makhleb
Nemelex Xobeh
Okawaru
Qazlal
Trog
Uskayaw
Vehumet
Yredelemnul
Zin
The Shining One


Innate Abilities, Weirdness & Mutations

Shadows flee at your approach. (+LOS)
You can swim through water.
You cover ground slowly.
You can hop short distances.


Message History

The orc warrior is almost dead.
The orc wizard closely misses you.
You hear some strange, mumbled words.
A puff of flame appears from out of thin air!
The puff of flame misses you. You block the orc warrior's attack.
You block the orc wizard's attack.
Hop to where?
Press: ? - help, Dir - move target cursor Boing!
You hear some strange, mumbled words.
Something tries to affect you, but you resist.
You block the orc warrior's attack.
The orc wizard gestures at you while chanting.
The puff of flame reflects off an invisible shield around you!
The puff of flame hits the orc warrior.
You hear some strange, mumbled words.
Something tries to affect you, but you resist.
You block the orc warrior's attack. The orc warrior hits you with a flail!
You die...

#.......(# #.........#
#........# #.......###
###)########.......#
##(######.........#
#......##.#.......#
#......##.#.......###########
#......##.#..................
#......##.#.####.#.##########
#......##.#.@oo..#...........
#......##)########...........
#......##........#...........
#.........######.#...........
##.###....# #.#........[./
#.# #....# #.#........... #.#
#....# #.#........... #.#
#....# #.#........... #.#
#....# #.#...........


You could see an orc warrior and an orc wizard.

Vanquished Creatures
  Sigmund (D:6)
  2 sky beasts (D:5)
  2 ogres (D:6)
  4 centaurs
  A crimson imp (D:5)
  5 hounds
  2 orc priests
  4 orc wizards
  2 iguanas (D:4)
  5 worker ants
  A hound skeleton (D:4)
  8 adders
  An adder zombie (D:5)
  5 worms
  3 dart slugs
  4 leopard geckos
  16 orcs
  A ball python (D:6)
  6 bats
  8 giant cockroaches
  12 goblins
  5 hobgoblins
  2 jackals (D:4)
  5 kobolds
  4 quokkas
  6 frilled lizards
  A jackal zombie (D:6)
  6 rats
122 creatures vanquished.

Notes
Turn   | Place    | Note
-------+----------+-------------------------------------------
     0 | D:1      | Ijustatesigmund the Barachi Fighter began the quest for the Orb.
     0 | D:1      | Reached XP level 1. HP: 18/18 MP: 1/1
   162 | D:1      | Reached XP level 2. HP: 25/25 MP: 2/2
   226 | D:1      | Reached skill level 1 in Dodging
   725 | D:1      | Reached XP level 3. HP: 6/30 MP: 3/3
  1261 | D:2      | Reached skill level 4 in Fighting
  1460 | D:2      | Found an iron altar of Okawaru.
  1489 | D:2      | Reached XP level 4. HP: 14/37 MP: 4/4
  2034 | D:2      | Found a stormy altar of Qazlal.
  2034 | D:2      | Found a glowing golden altar of the Shining One.
  2160 | D:2      | Found an ancient bone altar of Kikubaaqudgha.
  2160 | D:2      | Found a hazy altar of Hepliaklqana.
  2165 | D:2      | Found a sparkling altar of Nemelex Xobeh.
  2167 | D:2      | Found a glowing silver altar of Zin.
  2168 | D:2      | Found a faded altar of an unknown god.
  2397 | D:3      | Reached XP level 5. HP: 26/43 MP: 5/5
  2606 | D:3      | Reached skill level 5 in Fighting
  2612 | D:3      | Reached skill level 5 in Long Blades
  3438 | D:4      | Found a white marble altar of Elyvilon.
  3648 | D:4      | Reached XP level 6. HP: 51/51 MP: 6/6
  3990 | D:4      | Reached skill level 6 in Fighting
  4373 | D:4      | Reached XP level 7. HP: 52/59 MP: 7/7
  4540 | D:5      | Entered Level 5 of the Dungeon
  4874 | D:5      | Reached skill level 7 in Fighting
  4968 | D:5      | Found a staircase to the Ecumenical Temple.
  4979 | Temple   | Entered the Ecumenical Temple
  5083 | Temple   | Became a worshipper of Cheibriados the Contemplative
  5291 | D:5      | Reached XP level 8. HP: 30/67 MP: 8/8
  5537 | D:5      | Reached skill level 5 in Armour
  5726 | D:5      | Reached skill level 5 in Shields
  5791 | D:6      | Got a crystal flail
  5792 | D:6      | Identified the +4 flail of the Owl {venom, rElec MR+ Dex+6} (You found it on level 6 of the Dungeon)
  6088 | D:6      | Found a hide-covered altar of Uskayaw.
  6265 | D:6      | Noticed Sigmund
  6282 | D:6      | Killed Sigmund
  6686 | D:6      | Reached skill level 8 in Fighting
  6708 | D:6      | Found an iron altar of Okawaru.
  6721 | D:6      | Found a burning altar of Makhleb.
  6730 | D:6      | Reached * piety under Cheibriados
  6919 | D:6      | Slain by an orc warrior

Vault maps used:
D:1:      dpeg_arrival_brainrot, minmay_misc_feat_tower
D:2:      lemuel_doored_altar, gammafunk_temple_overflow_elements,
          chequers_temple_overflow_minitemple
D:3:      minmay_crystal_room
D:4:      elyvilon_altar_5, hangedman_abyss_or_decor_slice
D:5:      minmay_temple_entry_glassed_door, first_bread
D:6:      makhleb_heckhound_becter, marbit_many_paths,
          okawaru_metal_pillars_1_2, uniq_sigmund
Temple:   dpeg_chambers_temple

Skill      XL: |  1  2  3  4  5  6  7  8 |
---------------+-------------------------+-----
Dodging        | 1 |  1.5
Long Blades    | 3 4 5 6 7 |  7.9
Fighting       | 4 5 6 7 8 |  8.1
Armour         | 4 6 |  6.0
Shields        | 4 5 |  5.9

Action                   |  1- 3 |  4- 6 |  7- 9 || total
-------------------------+-------+-------+-------++-------
Melee: Long sword        |   118 |   244 |   186 ||   548
Throw: Javelin           |       |       |     9 ||     9
 Abil: Hop               |     3 |       |     2 ||     5
Evoke: Wand              |       |     2 |     1 ||     3
  Use: Scroll            |       |     9 |     4 ||    13
       Potion            |       |     5 |     2 ||     7
  Eat: Chunk             |     2 |    11 |     6 ||    19
       Fruit             |       |       |     4 ||     4
Armor: Scale mail        |    50 |    34 |       ||    84
       Ring mail         |       |    43 |    61 ||   104
       Skin              |       |     9 |       ||     9
Dodge: Dodged            |    37 |    65 |    45 ||   147
Block: Shield            |    59 |   112 |   135 ||   306
       Reflection        |       |       |     6 ||     6
       Rpst.: Long sword |     8 |    10 |    15 ||    33
